Map: Templo óseo EE

Players

Gorio

  • Race: Protoss Protoss
  • Spawn Location: 12:00

StarDonutsu

  • Race: Protoss Protoss
  • Spawn Location: 3:00

Merckllr

  • Race: Terran Terran
  • Spawn Location: 1:00

MrFercho - Winner!

  • Race: Zerg Zerg
  • League: Gold
  • Spawn Location: 7:00

TATORREA - Winner!

  • Race: Protoss Protoss
  • League: Gold
  • Spawn Location: 6:00

tigro - Winner!

  • Race: Terran Terran
  • League: Bronze
  • Spawn Location: 7:00

VOD

Have the link to the VOD?

Description

Time

  • Played on: Aug. 11, 2020, 10:19 p.m.
  • Length: 6:22
Show
View Real Time Build Order
Export as new Build Order

Gorio Protoss 

Build Orders: Double Forge 

Get SALT Encoding   

  12  0:01  Probe  
  13  0:14  Assimilator  
  13  0:31  Pylon  
  13  0:44  Probe  
  14  0:56  Probe (Chrono Boost)  
  15  1:04  Gateway  
  15  1:07  Forge  
  15  1:10  Probe (Chrono Boost)  
  16  1:11  Assimilator  
  16  1:20  Probe (Chrono Boost)  
  17  1:31  Probe (Chrono Boost)  
  18  1:55  Cybernetics Core  
  18  2:03  Nexus  
  18  2:11  Pylon  
  18  2:30  Forge  
  18  2:32  Forge  
  18  2:33  Warp Gate (Chrono Boost)  
  18  2:39  Probe  
  19  2:51  Probe  
  20  3:03  Probe  
  21  3:08  Assimilator  
  21  3:13  Assimilator  
  21  3:19  Probe (Chrono Boost)  
  22  3:26  Pylon  
  22  3:30  Probe (Chrono Boost)  
  23  3:35  Probe (Chrono Boost)  
  23  3:38  Gateway  
  24  3:45  Probe  
  25  3:57  Probe  
  25  3:59  Pylon  
  25  4:16  Zealot  
  1  5:04  Zealot x2  
Show
View Real Time Build Order
Export as new Build Order

StarDonutsu Protoss 

Build Orders:  

Get SALT Encoding   

  12  0:03  Probe  
  13  0:16  Probe  
  13  0:20  Pylon  
  14  0:31  Probe  
  15  0:41  Gateway  
  15  0:43  Probe  
  16  0:51  Assimilator  
  16  0:57  Probe  
  17  1:11  Pylon, Probe (Chrono Boost)  
  18  1:21  Probe (Chrono Boost)  
  19  1:30  Assimilator  
  19  1:37  Cybernetics Core  
  19  1:39  Forge  
  19  1:45  Pylon  
  19  2:07  Nexus  
  19  2:13  Zealot  
  21  2:16  Probe (Chrono Boost)  
  22  2:28  Probe (Chrono Boost)  
  23  2:33  Probe (Chrono Boost)  
  24  2:50  Pylon  
  24  3:01  Stalker  
  26  3:07  Pylon  
  26  3:10  Probe (Chrono Boost)  
  27  3:17  Photon Cannon  
  29  3:20  Probe (Chrono Boost)  
  29  3:22  Probe (Chrono Boost)  
  30  3:29  Probe x2 (Chrono Boost)  
  31  3:34  Warp Gate, Probe (Chrono Boost)  
  31  3:36  Probe  
  31  3:41  Photon Cannon  
  33  3:50  Stalker  
  35  3:56  Photon Cannon  
  35  3:59  Photon Cannon  
  31  4:16  Pylon  
  31  4:18  Probe  
  22  4:56  Photon Cannon  
  22  4:59  Photon Cannon  
  22  5:01  Pylon  
  22  5:25  Zealot  
  13  6:01  Zealot  
Show
View Real Time Build Order
Export as new Build Order

Merckllr Terran 

Build Orders:  

Get SALT Encoding   

  12  0:00  SCV  
  13  0:14  SCV  
  14  0:22  Supply Depot  
  14  0:29  SCV  
  15  0:44  SCV  
  15  0:49  Supply Depot  
  16  0:53  Barracks  
  16  0:57  SCV  
  16  0:58  Refinery  
  18  1:11  SCV  
  18  1:23  SCV  
  19  1:27  Refinery  
  19  1:35  SCV  
  20  1:43  Barracks Tech Lab  
  20  1:47  SCV  
  21  1:58  Command Center  
  21  2:06  Marine  
  22  2:11  SCV  
  23  2:23  SCV  
  23  2:24  Marine  
  25  2:31  Factory  
  25  2:42  Marine, SCV  
  27  2:50  Supply Depot  
  27  3:00  Marine  
  28  3:12  SCV  
  29  3:24  SCV  
  30  3:29  Barracks Tech Lab, Siege Tank  
  33  3:36  SCV  
  34  3:48  SCV  
  35  3:51  Armory  
  35  4:00  SCV  
  32  4:15  Siege Tank  
  36  4:29  Starport  
  35  4:36  SCV  
  35  4:38  Barracks Tech Lab  
  36  4:48  SCV  
  37  5:00  SCV  
  37  5:06  Barracks Tech Lab  
  38  5:09  Fusion Core  
  38  5:16  Siege Tank  
  41  5:42  Starport  
Show
View Real Time Build Order
Export as new Build Order

MrFercho Zerg - Winner!

Build Orders: Pool First 

Get SALT Encoding   

  12  0:22  Spawning Pool  
  12  0:27  Drone x2  
  13  0:31  Drone  
  14  0:42  Overlord  
  14  1:03  Drone x2  
  16  1:06  Extractor  
  15  1:13  Drone  
  16  1:19  Queen  
  16  1:22  Drone  
  19  1:35  Zergling x2  
  20  1:42  Overlord  
  20  1:55  Zergling x2  
  21  2:04  Zergling x2  
  22  2:21  Drone  
  23  2:30  Drone  
  24  2:54  Metabolic Boost  
  24  2:56  Lair  
  24  2:59  Zergling x2  
  24  3:00  Zergling x6  
  28  3:14  Overlord  
  28  3:25  Zergling x2  
  29  3:33  Zergling x2  
  30  3:42  Zergling x6  
  32  4:08  Zergling x2  
  32  4:09  Zergling x4  
  32  4:20  Hatchery, Overlord x2  
  31  4:29  Hatchery  
  30  4:35  Zergling x4  
  28  5:00  Zergling x8  
  32  5:11  Zergling x2  
  32  5:20  Drone x2  
  32  5:21  Evolution Chamber, Drone  
  31  5:30  Baneling Nest  
  31  5:31  Zergling x2  
  31  5:42  Zergling x6  
Show
View Real Time Build Order
Export as new Build Order

TATORREA Protoss - Winner!

Build Orders:  

Get SALT Encoding   

  12  0:04  Probe  
  13  0:16  Probe  
  14  0:25  Pylon  
  15  0:28  Probe  
  15  0:43  Probe  
  16  0:50  Gateway  
  16  0:55  Probe  
  17  1:02  Assimilator  
  17  1:03  Pylon  
  17  1:07  Probe  
  18  1:19  Probe  
  19  1:28  Gateway  
  19  1:31  Probe  
  20  1:38  Assimilator  
  20  1:43  Probe  
  21  1:51  Cybernetics Core  
  21  1:56  Probe  
  21  1:59  Pylon  
  22  2:01  Gateway  
  22  2:08  Probe  
  23  2:28  Adept x2 (Chrono Boost)  
  23  2:29  Warp Gate  
  27  2:50  Adept (Chrono Boost)  
  29  2:55  Adept x2 (Chrono Boost)  
  33  3:11  Nexus  
  33  3:12  Pylon  
  33  3:18  Pylon  
  33  3:31  Probe  
  34  3:44  Probe  
  34  3:45  Robotics Facility  
  35  3:56  Probe  
  36  4:08  Probe  
  33  4:42  Probe x2  
  31  4:52  Twilight Council  
  29  4:54  Probe x2, Stargate  
  31  5:02  Gateway  
  31  5:04  Gateway  
  31  5:06  Probe x2  
  31  5:07  Stalker x3, Gateway  
  39  5:18  Probe x2  
  42  5:21  Observer  
  42  5:30  Probe x2  
  44  5:42  Assimilator, Immortal, Probe x2  
  50  5:45  Assimilator  
  50  5:54  Probe x2  
  52  6:06  Probe  
  52  6:07  Probe  
Show
View Real Time Build Order
Export as new Build Order

tigro Terran - Winner!

Build Orders:  

Get SALT Encoding   

  12  0:21  SCV  
  12  0:26  Supply Depot  
  13  0:34  SCV  
  14  0:46  SCV  
  14  0:49  Supply Depot  
  15  0:55  Barracks  
  15  0:58  SCV  
  16  1:05  Refinery  
  16  1:10  SCV  
  17  1:26  SCV  
  17  1:31  Refinery  
  18  1:38  SCV  
  19  1:42  Marine  
  20  1:51  SCV  
  21  2:00  Marine  
  22  2:03  SCV  
  23  2:08  Factory  
  23  2:15  SCV  
  24  2:18  Marine  
  25  2:27  SCV  
  26  2:36  Marine  
  27  2:40  Orbital Command  
  27  2:53  Marine  
  27  2:54  Factory Tech Lab  
  27  2:57  Engineering Bay  
  28  3:13  Barracks Tech Lab  
  28  3:25  Siege Tank  
  31  3:43  Command Center  
  31  3:52  Command Center  
  31  3:58  Siege Tank  
  34  4:12  Marine  
  34  4:15  Combat Shield  
  35  4:18  Terran Infantry Weapons Level 1  
  35  4:29  Marine  
  35  4:47  Marine  
  32  5:05  Marine  
  33  5:23  Marine  
  34  5:41  Marine  
  34  5:58  Marine  
Tags
 
Add a new tag
Caveats
  • Supply blocks, unpowered buildings, or Contaminate may cause inaccurate times.
  • Supply counts are checked every 10 seconds.